 Dungeon Crawl Stone Soup version 0.29-a0-231-g945431f764 (webtiles) character file.

Game seed: 1665670005700080038

20 Ssrathi the Firebug (level 2, 0/20 HPs)
             Began as a Draconian Fire Elementalist on Feb 28, 2022.
             Slain by a bat (1 damage)
             ... on level 1 of the Dungeon.
             The game lasted 00:03:39 (452 turns).

Ssrathi the Firebug (Draconian Fire Elementalist)    Turns: 452, Time: 00:03:39

Health: 0/20       AC:  6    Str: 10    XL:     2   Next: 58%
Magic:  5/5        EV: 12    Int: 15    God:
Gold:   22         SH:  0    Dex: 11    Spells: 2/5 levels left

rFire   . . .      SeeInvis .   c - +0 club
rCold   . . .      Faith    .   (no shield)
rNeg    . . .      Spirit   .   (body armour unavailable)
rPois   .          Reflect  .   b - +2 hat
rElec   .          Harm     .   (no cloak)
rCorr   .          Rampage  .   (no gloves)
Will    .....                   (no boots)
Stlth   ++........              (no amulet)
HPRegen 0.06/turn               (no ring)
MPRegen 0.09/turn               (no ring)

@: no status effects
A: AC +4, unfitting armour, cold-blooded
a: no special abilities


You were on level 1 of the Dungeon.
You visited 1 branch of the dungeon, and saw 1 of its levels.

You collected 22 gold pieces.

Inventory:

Hand Weapons
 c - a +0 club (weapon)
Armour
 b - a +2 hat (worn)
Scrolls
 a - a scroll of fear {unknown}


   Skills:
 - Level 1.7 Dodging
 - Level 1.7 Stealth
 - Level 2.0 Spellcasting
 - Level 1.0 Conjurations
 + Level 4.0 Fire Magic


You had 2 spell levels left.
You knew the following spells:

 Your Spells              Type           Power      Damage    Failure   Level
a - Foxfire               Conj/Fire      36%        2x1d5     8%          1
b - Scorch                Fire           26%        2d6       6%          2

Your spell library contained the following spells:

 Spells                   Type           Power      Damage    Failure   Level
 Conjure Flame            Conj/Fire      9%         6-21      24%         3
 Inner Flame              Hex/Fire       7%         N/A       28%         3
 Flame Wave               Conj/Fire      9%         2d5       61%         4
 Passage of Golubria      Tloc           1%         N/A       91%         4
 Silence                  Hex/Air        0%         N/A       99%         5
 Lehudib's Crystal Spear  Conj/Erth      1%         10d2      100%        8


Dungeon Overview and Level Annotations

Branches:
Dungeon (1/15)

Altars:


Innate Abilities, Weirdness & Mutations

Your plain brown scales are hard. (AC +4)
You cannot fit into any form of body armour.
You are cold-blooded and may be slowed by cold attacks.


Message History

The bat barely misses you. The bat closely misses you.
The kobold shouts!
The bat hits you but does no damage. The bat closely misses you.
The bat hits you but does no damage. The bat misses you.
The kobold throws a stone.
The stone completely misses you. The bat barely misses you.
The bat hits you but does no damage. The bat hits you but does no damage.
The bat completely misses you. The bat hits you but does no damage.
The bat hits you but does no damage. The bat misses you.
The bat closely misses you. The bat hits you but does no damage.
The bat hits you.
* * * LOW HITPOINT WARNING * * *
You take 1 damage, and have 2/20 hp.
The bat hits you but does no damage.
You conjure some foxfire!
The bat hits you but does no damage.
You now have 4/5 mp.
The foxfire hits the gnoll.
The foxfire hits the gnoll but does no damage.
The bat hits you but does no damage. The bat hits you.
* * * LOW HITPOINT WARNING * * *
You take 1 damage, and have 1/20 hp.
The bat closely misses you. The bat closely misses you. The bat hits you.
* * * LOW HITPOINT WARNING * * *
You take 1 damage, and have 1/20 hp.
The bat misses you. The bat hits you but does no damage.
The bat hits you but does no damage. MP restored: 5 The bat misses you.
The bat misses you. The bat closely misses you. The bat hits you.
You die...

... #.# #.# #.# #.# #.#
#?# #####.# #.# #.....#
..###.###.#########
.......?..........###
.........K..Kg..@...#
≈≈≈≈≈≈≈≈≈≈≈≈≈≈≈≈b...#
≈≈≈≈≈≈≈≈≈≈≈≈≈≈≈≈≈...##
≈≈≈≈≈≈≈≈≈≈≈≈≈≈≈≈≈.......
+#≈≈≈≈≈≈≈#'#+#≈≈≈...##.#
##+###'##...+≈≈≈.......
#.......#...+≈≈≈....##
#.#####.#'#'#≈≈≈...##
#...#...#≈≈≈≈....#####


You could see a gnoll, a bat and 2 kobolds.

Levels and vault maps discovered:
D:1:      dpeg_arrival_castle, layout_loops_cross, serial_park_tiny_2,
          corexii_corridor_pit

Notes
Turn   | Place    | Note
-------+----------+-------------------------------------------
     0 | D:1      | Ssrathi the Draconian Fire Elementalist began the quest for
                  | the Orb.
     0 | D:1      | Reached XP level 1. HP: 14/14 MP: 3/3
    86 | D:1      | Identified a +2 hat
   153 | D:1      | Identified a +0 hunting sling
   168 | D:1      | Identified a +0 club
   188 | D:1      | Identified a +0 dagger
   211 | D:1      | Reached XP level 2. HP: 20/20 MP: 3/5
   217 | D:1      | Learned a level 2 spell: Scorch
   251 | D:1      | Identified a +0 club
   300 | D:1      | Identified a +0 club
   347 | D:1      | Reached skill level 4 in Fire Magic
   383 | D:1      | Identified a +0 spear
   383 | D:1      | Identified a +0 ring mail of positive energy
   385 | D:1      | Identified a +3 dagger
   387 | D:1      | Identified a +0 spear
   403 | D:1      | HP: 4/20 [gnoll/+0 spear (2)]
   406 | D:1      | HP: 1/20 [gnoll/+0 spear (1)]
   436 | D:1      | HP: 2/20 [bat (1)]
   442 | D:1      | HP: 1/20 [bat (1)]
   452 | D:1      | Slain by a bat

Table legend: (Time is in decaauts)
 A = Elapsed time spent in this place.
 B = Non-inter-level travel time spent in this place.
 C = Inter-level travel time spent in this place.
 D = Time resting spent in this place.
 E = Time spent auto-exploring this place.
 F = Levels seen in this place.
 G = Mean time per level.
                   A        B        C        D        E       F      G
               +--------+--------+--------+--------+--------+-----+--------+
         Total |    459 |    459 |      0 |      0 |    287 |   1 |  459.0 |
       Dungeon |    459 |    459 |      0 |      0 |    287 |   1 |  459.0 |
               +--------+--------+--------+--------+--------+-----+--------+

Top non-repeatable levels by time:
     D:1: 459 daAuts

Table legend:
 A = Kills in this place as a percentage of kills in entire the game.
 B = Kills by you in this place as a percentage of kills by you in the entire game.
 C = Kills by friends in this place as a percentage of kills by friends in the entire game.
 D = Other kills in this place as a percentage of other kills in the entire game.
 E = Experience gained in this place as a percentage of experience gained in the entire game.
 F = Experience gained in this place divided by the number of levels of this place that you have seen.
                   A       B       C       D       E      F
               +-------+-------+-------+-------+-------+----------------------
         Total | 100.0 | 100.0 |   N/A |   N/A | 100.0 |  29.0
       Dungeon | 100.0 | 100.0 |   N/A |   N/A | 100.0 |  29.0
               +-------+-------+-------+-------+-------+----------------------

Skill      XL: |  1  2 |
---------------+-------+-----
Fire Magic     | 4 |  4.0
Dodging        | |  1.7
Stealth        | |  1.7
Spellcasting   | |  2.0
Conjurations   | |  1.0

Action                   || total
-------------------------++-------
Melee: Unarmed           ||     4
       Club              ||    21
       Tailslap          ||     5
 Cast: Foxfire           ||    12
       Scorch            ||     4
Armor: Skin              ||    27
Dodge: Dodged            ||    45

Vanquished Creatures
  A bat (D:1)
  4 endoplasms (D:1)
  2 goblins (D:1)
  A hobgoblin (D:1)
  2 kobolds (D:1)
  4 ball pythons (D:1)
  A frilled lizard (D:1)
  2 rats (D:1)
17 creatures vanquished.

Vanquished Creatures (others)
  13 foxfires (D:1)
13 creatures vanquished.

Grand Total: 30 creatures vanquished
